 Dungeon Crawl Stone Soup version 0.32-a0-86-g8db1b9f803 (webtiles) character file.

Game seed: 2465894581719203791

494 pokeman the Magician (level 6, -1/35 HPs)
             Began as a Deep Elf Hedge Wizard on Feb 5, 2024.
             Slain by a human zombie (7 damage)
             ... in an ossuary.
             The game lasted 00:08:31 (2671 turns).

pokeman the Magician (Deep Elf Hedge Wizard)        Turns: 2671, Time: 00:08:31

Health: -1/35      AC:  3    Str:  7    XL:     6   Next: 92%
Magic:  9/18       EV: 13    Int: 21    God:
Gold:   70         SH:  0    Dex: 14    Spells: 12/20 levels left

rFire   . . .        k - +2 dagger (venom)
rCold   . . .        (no shield)
rNeg    . . .        b - +0 robe
rPois   .            c - +0 hat
rElec   .            (no cloak)
rCorr   .            i - +0 pair of gloves
SInv    .            (no boots)
Will    .....        (no amulet)
Stlth   ++           (no ring)
HPRegen 0.25/turn    (no ring)
MPRegen 0.16/turn

%: no passive effects
@: no status effects
A: no striking features
a: no special abilities


You were in an ossuary.
You visited 1 branch of the dungeon, and saw 3 of its levels.
You also visited: Ossuary.

You collected 70 gold pieces.

Inventory:

Hand Weapons
 k - a +2 dagger of venom (weapon)
Missiles
 t - 5 curare-tipped darts
Armour
 b - a +0 robe (worn)
 c - a +0 hat (worn)
 i - a +0 pair of gloves (worn)
Jewellery
 f - a ring of resist corrosion
 g - an amulet of guardian spirit
 n - a ring of fire
Wands
 s - a wand of mindburst (10)
Scrolls
 a - 3 scrolls of teleportation {unknown}
 h - a scroll of torment {unknown}
 l - a scroll of brand weapon {unknown}
 m - 2 scrolls of poison {unknown}
 p - 2 scrolls of identify {unknown}
 u - a scroll of enchant weapon {unknown}
 w - a scroll of enchant armour {unknown}
Potions
 d - a potion of magic
 e - a potion of might {unknown}
 j - 2 potions of curing {unknown}
 o - a potion of mutation {unknown}
 q - a potion of brilliance {unknown}
 r - a potion of enlightenment {unknown}
 v - a potion of resistance {unknown}


   Skills:
 + Level 1.7 Fighting
 - Level 1.0 Armour
 - Level 3.0 Dodging
 - Level 3.0 Stealth
 * Level 7.6 Spellcasting
 + Level 3.6 Conjurations
 - Level 1.1 Summonings
 - Level 1.1 Translocations
 - Level 1.1 Air Magic
 - Level 1.1 Alchemy
 - Level 1.3 Evocations


You had 12 spell levels left.
You knew the following spells:

 Your Spells              Type           Power      Damage    Failure   Level
a - Magic Dart            Conj           92%        1d7       1%          1
b - Mephitic Cloud        Conj/Alch/Air  16%        N/A       11%         3
c - Call Imp              Summ           24%        N/A       8%          2
d - Blink                 Tloc           24%        N/A       8%          2

Your spell library contained the following spells:

 Spells                   Type           Power      Damage    Failure   Level
 Slow                     Hex            28%        N/A       9%          1
 Cigotuvi's Dreadful Rot  Necr/Alch/Air  22%        N/A       10%         2


Dungeon Overview and Level Annotations

Branches:
Dungeon (4/15)            Ossuary (1/1)
 Temple: D:4-7

Altars:
Okawaru
The Shining One

Shops:
D:2 (


Message History

The adder zombie bites you.
* * * LOW HITPOINT WARNING * * *
You hit the adder zombie.
You destroy the adder zombie!
Unknown command.
You hit the human zombie.
The human zombie is lightly damaged.
The human zombie hits you but does no damage.
Your cerulean imp hits the human zombie but does no damage.
You hit the human zombie. You punch the human zombie.
The human zombie is lightly damaged.
The human zombie hits you.
* * * LOW HITPOINT WARNING * * *
Your cerulean imp hits the human zombie from afar with a -3 spear.
Your cerulean imp hits the human zombie but does no damage.
The human zombie barely misses you.
You barely miss the human zombie.
The human zombie is moderately damaged.
Your cerulean imp hits the human zombie but does no damage.
The human zombie closely misses you.
Unknown command.
You hit the human zombie but do no damage.
The human zombie is moderately damaged.
Your cerulean imp hits the human zombie but does no damage.
Unknown command.
You hit the human zombie. Your punch misses the human zombie.
The human zombie is moderately damaged.
The human zombie closely misses you.
Your cerulean imp hits the human zombie but does no damage.
Unknown command.
You hit the human zombie but do no damage.
The human zombie is moderately damaged.
The human zombie misses you.
Your cerulean imp hits the human zombie from afar with a -3 spear.
Unknown command.
You barely miss the human zombie. You punch the human zombie.
The human zombie is moderately damaged.
Your cerulean imp hits the human zombie from afar with a -3 spear.
The human zombie hits you!
You die...

######ß...ß##
#...#.......#
#...'...ß...#
#...#...#...#
##'#######'###########+##
#...#...#...#.....#.....#
#...ß...#...'.....#.....#
#.......#...#.....ß.....#
##߆..ß######...@.......#
#.......#!?M#...Z.......#
#...ß...#?.?###ß.....ß##
#...#...#?!!#...5.......#
######'###+##...........#
#...#...#..Z#.....ß.....#
#.∩.'.∩.#...'.....#.....#
#...#...#...#.....#.....#
#########################


You could see a human zombie (ally target) and a friendly cerulean imp
(summoned).

Vanquished Creatures
  4 scorpions
  A human zombie (Ossuary)
  An orc priest (D:4)
  An iguana (D:4)
  An orc wizard (D:4)
  A scorpion zombie (Ossuary)
  3 adders
  2 adder zombies (Ossuary)
  3 dart slugs (D:1)
  A ribbon worm (D:2)
  5 orcs
  2 ball pythons (D:1)
  4 bats
  3 endoplasms
  3 giant cockroaches
  A gnoll zombie (Ossuary)
  6 goblins
  2 hobgoblins (D:4)
  A jackal (D:1)
  8 quokkas
  3 frilled lizards (D:2)
  A jackal zombie (Ossuary)
  4 kobolds
  2 rats
63 creatures vanquished.

Vanquished Creatures (collateral kills)
  A human zombie (Ossuary)
  2 ball python zombies (Ossuary)
3 creatures vanquished.

Grand Total: 66 creatures vanquished

Notes
Turn   | Place    | Note
-------+----------+-------------------------------------------
     0 | D:1      | pokeman the Deep Elf Hedge Wizard began the quest for the
                  | Orb.
     0 | D:1      | Reached XP level 1. HP: 10/10 MP: 7/7
   288 | D:1      | Reached XP level 2. HP: 13/16 MP: 1/9
   733 | D:1      | Reached skill level 5 in Spellcasting
  1063 | D:2      | Found Baprek's Weapon Boutique.
  1107 | D:2      | Reached XP level 3. HP: 20/20 MP: 0/11
  1111 | D:2      | Learned a level 3 spell: Mephitic Cloud
  1114 | D:2      | Learned a level 2 spell: Call Imp
  1117 | D:2      | Learned a level 2 spell: Blink
  1484 | D:2      | Reached skill level 1 in Armour
  1491 | D:2      | Reached skill level 1 in Fighting
  1997 | D:2      | Reached XP level 4. HP: 25/25 MP: 6/13
  2110 | D:2      | Found an iron altar of Okawaru.
  2225 | D:2      | You fall into a shaft and drop 2 floors!
  2324 | D:4      | Reached skill level 6 in Spellcasting
  2324 | D:4      | Reached XP level 5. HP: 19/29 MP: 4/15
  2357 | D:4      | Found a glowing golden altar of the Shining One.
  2449 | D:4      | Reached skill level 1 in Evocations
  2502 | D:4      | Found a sand-covered staircase.
  2513 | Ossuary  | Entered an ossuary
  2539 | Ossuary  | Reached skill level 1 in Air Magic
  2539 | Ossuary  | Reached skill level 1 in Alchemy
  2539 | Ossuary  | Reached XP level 6. HP: 29/34 MP: 14/17
  2571 | Ossuary  | Reached skill level 7 in Spellcasting
  2671 | Ossuary  | Slain by a human zombie

Illustrated notes

Levels and vault maps discovered:
D:1:      scummos_arrival_gate, layout_basic, minmay_tiny_reverse_x
D:2:      layout_basic, basic_altar, serial_shops,
          nicolae_shop_bloodbath_and_beyond
D:4:      layout_basic, nicolae_sif_muna_condensation,
          lemuel_mausoleum_altar_kikubaaqudgha, tso_altar,
          mainiacjoe_overflow_swirl, nicolae_ossuary_entry_monument,
          gup_sewer_entry_spiral, uniq_robin
Ossuary:  ossuary_minmay_scorpions

Skill      XL: |  1  2  3  4  5  6 |
---------------+-------------------+-----
Spellcasting   | 5 6 7 |  7.6
Armour         | 1 |  1.0
Fighting       | 1 |  1.7
Conjurations   | 2 3 |  3.6
Stealth        | 3 |  3.0
Dodging        | 3 |  3.0
Evocations     | 1 |  1.3
Air Magic      | 1 |  1.1
Alchemy        | 1 |  1.1
Summonings     | |  1.1
Translocations | |  1.1

Action                     |  1- 3 |  4- 6 || total
---------------------------+-------+-------++-------
  Melee: Dagger            |    29 |    95 ||   124
         Punch             |       |     5 ||     5
   Cast: Magic Dart        |   108 |    23 ||   131
         Mephitic Cloud    |     1 |     4 ||     5
         Call Imp          |       |     6 ||     6
   Stab: Sleeping          |     1 |     1 ||     2
         Confused          |       |     1 ||     1
 Armour: Robe              |    29 |    70 ||    99
  Dodge: Dodged            |    33 |    57 ||    90

Table legend: (Time is in decaauts)
 A = Elapsed time spent in this place.
 B = Non-inter-level travel time spent in this place.
 C = Inter-level travel time spent in this place.
 D = Time resting spent in this place.
 E = Time spent auto-exploring this place.
 F = Levels seen in this place.
 G = Mean time per level.
                   A        B        C        D        E       F      G
               +--------+--------+--------+--------+--------+-----+--------+
         Total |   2669 |   2611 |     58 |    158 |   1776 |   4 |  667.2 |
       Dungeon |   2512 |   2454 |     58 |    158 |   1772 |   3 |  837.3 |
       Ossuary |    157 |    157 |      0 |      0 |      4 |   1 |  157.0 |
               +--------+--------+--------+--------+--------+-----+--------+

Top non-repeatable levels by time:
     D:2: 1198 daAuts
     D:1: 1025 daAuts
     D:4: 287 daAuts
 Ossuary: 157 daAuts
